[Event "Live Chess"]
[Site "Chess.com"]
[Date "2024.06.02"]
[Round "-"]
[White "TigerTank70"]
[Black "Anareza_Firouzja"]
[Result "1-0"]
[WhiteElo "2189"]
[BlackElo "1886"]
[TimeControl "300"]
[EndTime "7:19:08 PDT"]
[Termination "TigerTank70 won by resignation"]

1. e4 c5 2. d4 cxd4 3. c3 dxc3 4. Nxc3 Nc6 5. Nf3 e6 6. Bc4 Bb4 7. O-O Nge7 8. Bg5 h6 9. Be3 Ng6 10. Ne2 O-O 11. a3 Be7 12. Qd2 b6 13. Rfd1 Nge5 14. Bb5 Nxf3+ 15. gxf3 Qc7 16. Rac1 a6 17. Bxc6 dxc6 18.
Kh1 e5 19. Bxh6 1-0

[Event "Live Chess"]
[Site "Chess.com"]
[Date "2024.06.02"]
[Round "-"]
[White "Ferrarifan27"]
[Black "TheSmoulderingMaster"]
[Result "0-1"]
[WhiteElo "2137"]
[BlackElo "1781"]
[TimeControl "300"]
[EndTime "7:19:22 PDT"]
[Termination "TheSmoulderingMaster won by resignation"]

1. e4 c5 2. Nf3 d6 3. d4 cxd4 4. Nxd4 Nf6 5. Nc3 g6 6. Nd5 Bg7 7. Nxf6+ Bxf6 8. Bh6 Qb6 9. c3 Qxb2 10. Bb5+ Bd7 11.
O-O Bxb5 12. Rb1 Qxc3 13. Nxb5 Qa5 14. Qd2 Qxd2 15. Bxd2 Na6 16. Bh6 Rc8 17. Nxa7 Rc2 18. Rxb7 Rxa2 19. Nc6 Nc5 20. Rb8+ Kd7 21. Rxh8 Bxh8 22.
Nb4 Rb2 23. Nd5 e6 24. Nf4 Nxe4 25. f3 Bd4+ 26. Kh1 Nf2+ 27. Kg1 Ng4+ 28. Kh1 Nxh6 29. Rd1 Ra2 30. g3 Ra1 31. Rxa1 Bxa1 0-1

[Event "Live Chess"]
[Site "Chess.com"]
[Date "2024.06.02"]
[Round "-"]
[White "silunn"]
[Black "Frankie_Badacsonyi"]
[Result "0-1"]
[WhiteElo "2098"]
[BlackElo "2390"]
[TimeControl "300"]
[EndTime "7:19:32 PDT"]
[Termination "Frankie_Badacsonyi won by resignation"]

1. e4 e6 2. d4 d5 3. e5 c5 4. c3 Nc6 5. Nf3 Bd7 6. a3 Nge7 7.
Be2 cxd4 8. cxd4 Nf5 9. Be3 Be7 10. O-O O-O 11. Nc3 Rc8 12. Rc1 Nh4 13. Nxh4 Bxh4 14. f4 Be7 15. Kh1 f6 16. exf6 Bxf6 17. Bg4 Ne7 18. Qb3 b6 19. Nb5 Rxc1 20. Rxc1 Bxb5 21. Bxe6+ Kh8 22. Qxb5 Qd6 23. f5 g6 24. Bh6 Bg7 25. Bxg7+ Kxg7 26. Qb4 Qxb4 27. axb4 Nxf5 28. Bxd5 Nxd4 29. Rc7+ Kh6 30. Kg1 Ne2+ 0-1

[Event "Live Chess"]
[Site "Chess.com"]
[Date "2024.06.02"]
[Round "-"]
[White "DylanMeyer1"]
[Black "Mikhail_Golubev"]
[Result "0-1"]
[WhiteElo "1725"]
[BlackElo "2493"]
[TimeControl "300"]
[EndTime "7:19:32 PDT"]
[Termination "Mikhail_Golubev won by resignation"]

1. c4 g6 2. Nc3 Bg7 3. g3 e5 4. Bg2 Nc6 5. e3 d6 6. Nge2 Nf6 7. b3 O-O 8. Bb2 Re8 9. O-O e4 10. d3 exd3 11. Qxd3 Bf5 12. Qd4 Nxd4 13. Nxd4 Be4 14. Nxe4 Nxe4 15. Rad1 c5 16. Nb5 Bxb2 17. Bxe4 Rxe4 18.
Nxd6 Rd4 19. exd4 Qxd6 20. dxc5 Qxc5 21. Rd5 Qa3 22. Rfd1 Qxa2 23. R5d3 a5 24. R1d2 a4 25. Kg2 axb3 26. Rd8+ Rxd8 27. Rxd8+ Kg7 28. Rd7 Bf6 29. h4 b2 30. c5 b1=R 31. c6 bxc6 32. Rd3 Rb2 33. Rf3 Bd4 0-1

[Event "Live Chess"]
[Site "Chess.com"]
[Date "2024.06.02"]
[Round "-"]
[White "seasidecastle27"]
[Black "dmitro74"]
[Result "1-0"]
[WhiteElo "1957"]
[BlackElo "1746"]
[TimeControl "300"]
[EndTime "7:19:48 PDT"]
[Termination "seasidecastle27 won by checkmate"]

1. d4 d5 2. Nf3 Nf6 3. Bf4 e6 4. e3 Bd6 5. Bg3 Ne4 6. Nbd2 Nxg3 7. hxg3 h6 8. Bd3 c5 9. c3 c4 10. Bc2 b5 11. a3 a5 12. Qe2 Bb7 13. e4 dxe4 14.
Nxe4 Be7 15. g4 Nd7 16. g5 h5 17. g6 f5 18. Nc5 Nxc5 19. dxc5 Qd7 20. Rd1 Qc6 21.
Rh2 Rd8 22. Nd4 Rxd4 23. cxd4 Qc7 24. Rxh5 Rxh5 25. Qxh5 Kd7 26. d5 Bxd5 27. Rxd5+ exd5 28. Qxf5+ Kd8 29. Qxd5+ Qd7 30. Qa8+ Qc8 31. Qxa5+ Qc7 32.
Qa8+ Qc8 33. Qxc8+ Kxc8 34. f4 Bxc5 35. Ke2 Kd7 36.
Kf3 Ke6 37. g4 b4 38. axb4 Bxb4 39. Ke4 c3 40. bxc3 Bxc3 41. g5 Bd2 42. Bb3+ Kd6 43. Kf5 Bc1 44. Kg4 Bd2 45. Kf5 Bc1 46. Ke4 Bd2 47.
Bg8 Bc1 48. Kf5 Bd2 49. Kg4 Bc1 50. f5 Ke5 51. Bb3 Bd2 52. f6 gxf6 53. g7 f5+ 54.
Kf3 Bxg5 55. g8=Q Bf6 56. Qe6+ Kd4 57. Qxf6+ Kc5 58. Qxf5+ Kb4 59. Qd5 Kc3 60. Ba4 Kb4 61. Bd7 Kc3 62. Ke3 Kc2 63. Ke2 Kc3 64. Qc5+ Kb3 65. Be6+ Ka4 66. Qb6 Ka3 67. Kd3 Ka4 68. Qb3+ Ka5 69. Kc4 Ka6 70. Bd5 Ka7 71. Qb7# 1-0

[Event "Live Chess"]
[Site "Chess.com"]
[Date "2024.06.02"]
[Round "-"]
[White "NeilDruggan73"]
[Black "gobbles19"]
[Result "0-1"]
[WhiteElo "1704"]
[BlackElo "2207"]
[TimeControl "300"]
[EndTime "7:20:03 PDT"]
[Termination "gobbles19 won by checkmate"]

1. d4 Nf6 2. Bg5 c5 3. Bxf6 gxf6 4. d5 d6 5. Nf3 Qb6 6. c4 Qxb2 7.
Nbd2 Qb6 8. e4 f5 9. Rb1 Qc7 10. Bd3 fxe4 11. Bxe4 Nd7 12. O-O Nf6 13. Bd3 Bg4 14.
Re1 h5 15. Ne4 Nxe4 16. Rxe4 O-O-O 17. h3 Bd7 18. Ng5 f5 19. Re2 Rg8 20. h4 Bg7 21. Rxe7 Bf6 22. Ne6 Qa5 23. Rxd7 Rxd7 24. Bxf5 Kb8 25.
Nxc5 Rdg7 26. Rxb7+ Rxb7 27. Nxb7 Kxb7 28. Qb3+ Qb6 29.
Qa4 Rg7 30. g3 Rxg3+ 31. Kh2 Qxf2+ 32. Kh1 Rg1# 0-1

[Event "Live Chess"]
[Site "Chess.com"]
[Date "2024.06.02"]
[Round "-"]
[White "JohanKjeldahl"]
[Black "Queensandpawns"]
[Result "0-1"]
[WhiteElo "1794"]
[BlackElo "2282"]
[TimeControl "300"]
[EndTime "7:20:03 PDT"]
[Termination "Queensandpawns won by resignation"]

1. c4 e5 2. Nc3 f5 3. e3 d6 4.
g3 Nf6 5. Bg2 Be7 6. Nge2 O-O 7.
O-O c6 8. d4 Qe8 9. b3 Qh5 10.
Bb2 f4 11. exf4 Bh3 12. dxe5 Ng4 13. f3 Ne3 14. Qd3 Bxg2 15. Qxe3 Bxf1 16. Rxf1 dxe5 17.
fxe5 Nd7 18. Ne4 Nxe5 19. Nf4 Qf5 20. Re1 Rae8 21. Qd4 Nxf3+ 0-1

[Event "Live Chess"]
[Site "Chess.com"]
[Date "2024.06.02"]
[Round "-"]
[White "grillage"]
[Black "wadsy27"]
[Result "0-1"]
[WhiteElo "1870"]
[BlackElo "2598"]
[TimeControl "300"]
[EndTime "7:20:11 PDT"]
[Termination "wadsy27 won by resignation"]

1. d4 d5 2. Nf3 Nf6 3. c4 c6 4. Qc2 dxc4 5. Qxc4 Bg4 6. Nc3 Nbd7 7. Bf4 Bxf3 8. exf3 e6 9. Bd3 Be7 10. O-O O-O 11. Qb3 Qb6 12. Qxb6 Nxb6 13. Rfe1 Rfd8 14. Ne4 Nbd5 15. Be3 Nxe3 16. fxe3 c5 17. Nxf6+ Bxf6 18. Rac1 cxd4 19. exd4 Bxd4+ 20. Kf1 Bxb2 21. Rc7 Rxd3 0-1

[Event "Live Chess"]
[Site "Chess.com"]
[Date "2024.06.02"]
[Round "-"]
[White "dl_chess"]
[Black "ZombieChainsaw"]
[Result "0-1"]
[WhiteElo "1191"]
[BlackElo "1790"]
[TimeControl "300"]
[EndTime "7:20:12 PDT"]
[Termination "ZombieChainsaw won on time"]

1. e4 c5 2. Nf3 Nc6 3. d4 cxd4 4.
Nxd4 Nf6 5. Nc3 e5 6. Nb3 Bb4 7. Bd3 d5 8. Bd2 Bxc3 9. Bxc3 dxe4 10. Bb5 Qc7 11. Bxc6+ bxc6 12. O-O O-O 13. Re1 Bf5 14. Ba5 Qe7 15. Qe2 Nd5 16. a3 Qg5 17. Bd2 Nf4 18. Bxf4 exf4 19. g3 f3 20. Qe3 Qg4 21. Kh1 Qh3 22. Rg1 Rad8 23. Nd4 Rd6 24. Nxf5 Qxf5 25.
Rae1 Re8 26. c3 Rh6 27. g4 Qe5 28. Rg3 Rh4 0-1

[Event "Live Chess"]
[Site "Chess.com"]
[Date "2024.06.02"]
[Round "-"]
[White "r0ad_t0-gm"]
[Black "Kyrylo7770"]
[Result "1-0"]
[WhiteElo "2274"]
[BlackElo "1641"]
[TimeControl "300"]
[EndTime "7:20:19 PDT"]
[Termination "r0ad_t0-gm won by resignation"]

1. Nf3 d5 2. g3 Bg4 3. Bg2 c6 4. O-O Bxf3 5. Bxf3 e5 6. d3 Nf6 7. e4 d4 8. Bg2 Be7 9. Nd2 O-O 10. h3 Nbd7 11. f4 exf4 12. gxf4 c5 13. Nf3 Qb6 14. b3 Nh5 15. Qe1 Qd8 16. Kh2 Bd6 17. e5 Bc7 18. Ng5 f6 19. Ne6 Qe7 20. Nxc7 Rac8 21. Nd5 Qe6 22.
f5 Qf7 23. e6 Qe8 24. exd7 Qxd7 25. Qe6+ Qxe6 26. fxe6 Rfe8 27. Nf4 Nxf4 28. Bxf4 Rxe6 29.
Bd5 Re8 30. Rae1 Kf7 31. Rxe6 Rxe6 32. Re1 1-0

[Event "Live Chess"]
[Site "Chess.com"]
[Date "2024.06.02"]
[Round "-"]
[White "DJ_Lambton"]
[Black "booktrunk"]
[Result "1-0"]
[WhiteElo "1821"]
[BlackElo "1493"]
[TimeControl "300"]
[EndTime "7:21:04 PDT"]
[Termination "DJ_Lambton won by checkmate"]

1. c4 b6 2. g3 Bb7 3. Nf3 e6 4.
Bg2 h6 5. O-O Nf6 6. d4 Be7 7.
Nc3 Bb4 8. Re1 Bxc3 9. bxc3 Na6 10. Ba3 Rb8 11. Rb1 Ne4 12. Qc2 d5 13. cxd5 Bxd5 14. Ne5 Nf6 15. Bxd5 Qxd5 16. e4 Qb7 17. Qa4+ b5 18.
Qc2 Nd7 19. Ng4 c5 20. d5 O-O 21. c4 b4 22. Bb2 exd5 23. exd5 Rbe8 24. Qf5 Rxe1+ 25. Rxe1 Qc8 26. Nxh6+ Kh8 27. Qh5 Nf6 28. Bxf6 gxf6 29. Nxf7+ Kg7 30. Qh6+ Kxf7 31. Qh7# 1-0

[Event "Live Chess"]
[Site "Chess.com"]
[Date "2024.06.02"]
[Round "-"]
[White "FlyingChessKestrel13"]
[Black "Colm_Buckley"]
[Result "1-0"]
[WhiteElo "2067"]
[BlackElo "1870"]
[TimeControl "300"]
[EndTime "7:21:06 PDT"]
[Termination "FlyingChessKestrel13 won by resignation"]

1. Nf3 Nf6 2. b3 b6 3. Bb2 Bb7 4. e3 c5 5. Be2 e6 6. O-O Be7 7. d4 cxd4 8. exd4 O-O 9. c4 d5 10. Nc3 Nc6 11. Bd3 dxc4 12. bxc4 Kh8 13. Ne4 Nxe4 14.
Bxe4 f5 15. Bc2 Bf6 16. d5 Bxb2 17. dxc6 Bxc6 18. Rb1 Bf6 19. Qe2 Qc7 20. Qxe6 Bxf3 21. gxf3 g6 22. Rfd1 Rae8 23. Rd7 Qf4 24. Qd5 Be5 25.
Kf1 Qxh2 26. f4 Qxf4 27. Qh1 h5 28. Qg2 Qxc4+ 29. Bd3 Qe6 30. Rxa7 Bc3 31. Qg5 Qc6 32. Qh6+ 1-0

[Event "Live Chess"]
[Site "Chess.com"]
[Date "2024.06.02"]
[Round "-"]
[White "V1nas"]
[Black "CarmelJane"]
[Result "0-1"]
[WhiteElo "1313"]
[BlackElo "2010"]
[TimeControl "300"]
[EndTime "7:21:16 PDT"]
[Termination "CarmelJane won on time"]

1. d4 g6 2. Nf3 Bg7 3. g3 c5 4.
Bg2 cxd4 5. Nxd4 Nc6 6. Nxc6 bxc6 7. O-O Nf6 8. e4 O-O 9. c3 a5 10. a3 a4 11. Nd2 Ba6 12. Re1 Bb7 13. e5 Nd5 14. c4 Nb6 15. Qc2 Ba6 16. b4 Rc8 17. Rb1 Qc7 18. c5 Nd5 19. Nf1 Bb5 20. Bb2 Qa7 21.
Nd2 Qa6 22. Ne4 Bd3 23. Qd2 Bxb1 24. Rxb1 Rcd8 25. h4 h5 26. Ng5 Nc7 27. Bf1 Qb7 28.
Bc4 Ne6 29. Qe3 Qc7 30. Rd1 Qa7 31. g4 Nxg5 32. hxg5 hxg4 33. Qf4 d6 34. exd6 Bxb2 0-1

[Event "Live Chess"]
[Site "Chess.com"]
[Date "2024.06.02"]
[Round "-"]
[White "stevochess11"]
[Black "KeithArkell"]
[Result "0-1"]
[WhiteElo "1691"]
[BlackElo "2419"]
[TimeControl "300"]
[EndTime "7:21:20 PDT"]
[Termination "KeithArkell won by resignation"]

1. d4 e6 2. Nf3 Nf6 3. e3 c5 4.
Bd3 cxd4 5. exd4 b6 6. b3 Be7 7. Bb2 O-O 8. c4 Bb7 9. O-O d5 10. Nbd2 Nc6 11. a3 Rc8 12. Ne5 Nxe5 13. dxe5 Ne4 14.
Nf3 a5 15. Rc1 Bc5 16. Bxe4 dxe4 17. Qxd8 Rfxd8 18. Ng5 e3 19. Kh1 exf2 20. Nh3 Rd2 21. Bc3 Re2 22. Rcd1 Bc6 23. Nf4 Rc2 24. Rd3 g6 25. b4 axb4 26. axb4 Be7 27. b5 Be4 28. Rg3 Ra8 29. Nh5 Ra3 30. Bd4 Rxg3 31. Nxg3 Bd3 32. Rxf2 Rc1+ 33. Nf1 Bxf1 34. Bxb6 Bxc4+ 35. Rf1 Rxf1+ 36.
Bg1 Bc5 37. h3 Bxg1 0-1

[Event "Live Chess"]
[Site "Chess.com"]
[Date "2024.06.02"]
[Round "-"]
[White "NottheBishopSacrifice"]
[Black "beltmanjb"]
[Result "1-0"]
[WhiteElo "2344"]
[BlackElo "1685"]
[TimeControl "300"]
[EndTime "7:21:26 PDT"]
[Termination "NottheBishopSacrifice won by resignation"]

1. d4 Nf6 2. c4 g6 3. g3 Bg7 4.
Bg2 O-O 5. Nc3 d6 6. e3 c6 7. Nge2 Bf5 8. O-O e5 9. b3 Na6 10. Bb2 Nb4 11. a3 Nd3 12. Qd2 Nxb2 13. Qxb2 Rc8 14.
Rfd1 d5 15. dxe5 Ne4 16. Nxe4 Qe7 17. Nd6 Bxe5 18. Nxf5 Qf6 19. Nh6+ Kg7 20. Ng4 Bxb2 21. Nxf6 Bxf6 22. Rab1 1-0

[Event "Live Chess"]
[Site "Chess.com"]
[Date "2024.06.02"]
[Round "-"]
[White "Larchikov"]
[Black "NAZRIZ1977"]
[Result "1-0"]
[WhiteElo "2114"]
[BlackElo "2059"]
[TimeControl "300"]
[EndTime "7:21:28 PDT"]
[Termination "Larchikov won by resignation"]

1. c4 d5 2. cxd5 c6 3. dxc6 Nxc6 4. d4 Qxd4 5. Nc3 Qxd1+ 6. Kxd1 Nf6 7. e4 Bg4+ 8. f3 O-O-O+ 9. Kc2 Nd4+ 10. Kb1 Bh5 11. Be3 e5 12. h4 h6 13. Bc4 Ne6 14. Nge2 Kb8 15. Kc2 Bb4 16. Rhd1 Rxd1 17. Rxd1 Bxc3 18. Nxc3 Rc8 19. Bxe6 fxe6 20. Rd6 Bf7 21. Bf2 a6 22. Bg3 Rc5 23. b4 Rc6 24. Bxe5 Rxd6 25. Bxd6+ Kc8 26. Ne2 Kd7 27. Be5 Be8 28. Kb3 Bf7 29. a4 Kc6 30.
Nd4+ Kb6 31. Kc3 a5 32. b5 Kc5 33. Nb3+ Kb6 34. Bd4+ Kc7 35. Nxa5 1-0

[Event "Live Chess"]
[Site "Chess.com"]
[Date "2024.06.02"]
[Round "-"]
[White "TheSmoulderingMaster"]
[Black "DylanMeyer1"]
[Result "0-1"]
[WhiteElo "1772"]
[BlackElo "1734"]
[TimeControl "300"]
[EndTime "7:21:37 PDT"]
[Termination "DylanMeyer1 won by resignation"]

1. e4 d5 2. exd5 Qxd5 3. Nc3 Qd6 4. Nf3 Nf6 5. d4 e6 6. Bd3 Be7 7. O-O O-O 8. g3 a6 9. Bf4 Qb6 10. Ne5 c5 11. dxc5 Qxc5 12. Qf3 Nc6 13. Ng4 Nxg4 14. Qxg4 e5 15. Ne4 Bxg4 16. Nxc5 Bxc5 0-1

[Event "Live Chess"]
[Site "Chess.com"]
[Date "2024.06.02"]
[Round "-"]
[White "Crowded_House"]
[Black "gmnorfolk"]
[Result "0-1"]
[WhiteElo "1644"]
[BlackElo "2157"]
[TimeControl "300"]
[EndTime "7:21:45 PDT"]
[Termination "gmnorfolk won by checkmate"]

1. d4 Nf6 2. Bg5 d5 3. e3 c5 4.
c3 Nc6 5. Bd3 Qb6 6. Qb3 c4 7.
Qxb6 axb6 8. Bc2 b5 9. Nf3 b4 10. b3 cxb3 11. Bxb3 Ne4 12. cxb4 e5 13. dxe5 Bxb4+ 14. Ke2 b6 15. Nbd2 Ba6+ 16. Ke1 Nxg5 17. Nxg5 Nxe5 18.
Bxd5 O-O-O 19. e4 Nd3+ 20. Ke2 Nf4+ 21. Ke3 Nxd5+ 22. exd5 Rhe8+ 23. Kf3 Bxd2 24. Nxf7 Rf8 25. Rad1 Rxf7+ 26. Kg3 Bf4+ 27. Kh3 Kb8 28. Rhe1 Bc8+ 29.
Kh4 h5 30. g3 g5+ 31. Kxh5 Rh8+ 32. Kg6 Rhf8 33. Rb1 Bf5+ 34. Kh5 Rh7# 0-1

[Event "Live Chess"]
[Site "Chess.com"]
[Date "2024.06.02"]
[Round "-"]
[White "AndyJWise"]
[Black "missedJariChance"]
[Result "1-0"]
[WhiteElo "1045"]
[BlackElo "1366"]
[TimeControl "300"]
[EndTime "7:21:59 PDT"]
[Termination "AndyJWise won by resignation"]

1. d4 d5 2. c4 e6 3. Nc3 Nf6 4. Bg5 Be7 5. Nf3 c5 6. cxd5 Nxd5 7. Bxe7 Nxe7 8. dxc5 O-O 9. Ne5 Nd5 10. Nxd5 Qxd5 11. Qxd5 exd5 12. e3 Be6 13. Bd3 Nd7 14. Nxd7 Bxd7 15.
O-O Rac8 16. b4 Be6 17. a3 Rfd8 18. Rfd1 Re8 19. e4 Bg4 20. Re1 dxe4 21. Bxe4 Rc7 22. f3 Be6 23. Kf2 Rce7 24. g4 g6 25. Rac1 Kg7 26.
c6 bxc6 27. Bxc6 Rc8 28. Be4 Rxc1 29. Rxc1 Bb3 30. h4 Ba4 31. h5 f6 32. hxg6 hxg6 33. Rc3 Re6 34. Rc7+ Kh6 35. Rxa7 Bc2 36. Bxc2 1-0

[Event "Live Chess"]
[Site "Chess.com"]
[Date "2024.06.02"]
[Round "-"]
[White "agamilewska"]
[Black "ShanthamGrarks"]
[Result "1-0"]
[WhiteElo "1754"]
[BlackElo "1920"]
[TimeControl "300"]
[EndTime "7:22:06 PDT"]
[Termination "agamilewska won by resignation"]

1. d4 Nf6 2. c4 e5 3. dxe5 Ng4 4. Nf3 Nc6 5. e4 Bc5 6. Be3 Nxe3 7. fxe3 Bxe3 8.
Nc3 O-O 9. Qd3 Bh6 10. Be2 Nb4 11. Qd1 d6 12. exd6 cxd6 13. O-O Be6 14. a3 Nc6 15. Nd5 Bxd5 16. cxd5 Ne7 17. Nh4 Qb6+ 18. Kh1 Qxb2 19. Rb1 Qxa3 20. Rxb7 Ng6 21. Nf5 Be3 22. Rb3 Qc5 23. Bh5 Bg5 24. h4 Bd8 25. Rh3 Ne5 26.
Rg3 g6 27. Nh6+ Kg7 28. Nf5+ Kh8 29. Ne3 Bxh4 30. Rh3 Bg5 31. Ng4 Nxg4 32. Qxg4 Qc4 33. Rd1 h6 34. Bxg6 fxg6 35. Qxg5 Rf1+ 36. Rxf1 Qxf1+ 37. Kh2 Qf8 38. Rxh6+ Qxh6+ 39. Qxh6+ Kg8 40. Qxg6+ Kf8 41. Qxd6+ Ke8 42. Qc6+ Kd8 43. Qxa8+ Kc7 44. Qxa7+ Kd6 45. e5+ Kxe5 46. Qd7 1-0

[Event "Live Chess"]
[Site "Chess.com"]
[Date "2024.06.02"]
[Round "-"]
[White "Bradfield133"]
[Black "GEMdzq"]
[Result "0-1"]
[WhiteElo "1843"]
[BlackElo "2275"]
[TimeControl "300"]
[EndTime "7:22:18 PDT"]
[Termination "GEMdzq won by resignation"]

1. c4 Nf6 2. g3 e6 3. Nf3 d5 4.
b3 Be7 5. Bb2 O-O 6. Bg2 c5 7.
cxd5 exd5 8. d4 Nc6 9. O-O Bf5 10. Nc3 Ne4 11. dxc5 Nxc3 12. Bxc3 Bxc5 13. Nd4 Be6 14.
a3 Rc8 15. b4 Be7 16. Nxe6 fxe6 17. Bh3 Qd6 18. Rc1 d4 19. Bb2 Rcd8 20. Qb3 Rf6 21. e3 Rh6 22. Bg2 dxe3 23. Qxe3 Qd2 24. Qxd2 Rxd2 25.
Rxc6 bxc6 26. Bc1 Ra2 27. Bxh6 gxh6 28. Bxc6 Rxa3 29. b5 Bc5 30. Kg2 Ra2 31. Kf3 Kf7 32.
Be4 Kg7 33. h4 Rb2 34. Bc6 h5 35. Bd7 Kf6 36. Bc6 Ke7 37. Kg2 h6 38. Kf3 Kd6 39.
Be8 Bb6 40. Bxh5 Rxb5 41. Re1 Rxh5 0-1

[Event "Live Chess"]
[Site "Chess.com"]
[Date "2024.06.02"]
[Round "-"]
[White "RichardABates"]
[Black "ProfPoisson"]
[Result "1-0"]
[WhiteElo "2369"]
[BlackElo "1330"]
[TimeControl "300"]
[EndTime "7:22:24 PDT"]
[Termination "RichardABates won by resignation"]

1. d4 e6 2. c4 f5 3. g3 Nf6 4. Nf3 Be7 5. Bg2 d6 6. O-O O-O 7. Nc3 Ne4 8. Qd3 Nxc3 9. bxc3 a5 10. e4 fxe4 11. Qxe4 c6 12. h4 Nd7 13. Bg5 Nf6 14.
Qe2 Ng4 15. Bh3 Bxg5 16. Nxg5 Nf6 17. Bxe6+ Bxe6 18. Qxe6+ Kh8 19. Nf7+ Rxf7 20. Qxf7 Rb8 21. Rfe1 Qf8 22. Qxf8+ Rxf8 23. Re7 Ne4 24. Rxe4 h5 1-0

[Event "Live Chess"]
[Site "Chess.com"]
[Date "2024.06.02"]
[Round "-"]
[White "Plimsol"]
[Black "Dashman93"]
[Result "1-0"]
[WhiteElo "2372"]
[BlackElo "2144"]
[TimeControl "300"]
[EndTime "7:22:31 PDT"]
[Termination "Plimsol won by checkmate"]

1. e4 e5 2. Nf3 Nf6 3. d4 exd4 4. e5 Ne4 5. Qe2 Nc5 6. Nxd4 Nc6 7. Nxc6 dxc6 8. Nc3 Be7 9. Bf4 Bf5 10. Rd1 Qc8 11.
h3 O-O 12. Qe3 Ne6 13. Bd3 Bxd3 14. Rxd3 Bc5 15. Qf3 Rd8 16. Rxd8+ Qxd8 17. O-O Qe7 18. Ne4 Rd8 19. Be3 Bb6 20. Bxb6 axb6 21. Rd1 Nd4 22.
Qd3 Ne6 23. Qf1 Rd5 24. Rxd5 cxd5 25. Nc3 d4 26. Ne4 Nc5 27. Nxc5 Qxc5 28. Qe2 Kf8 29. a3 Ke7 30. Qe4 g6 31. Qh4+ Kf8 32. Qd8+ Kg7 33.
Qf6+ Kf8 34. e6 Qe7 35. Qh8# 1-0

[Event "Live Chess"]
[Site "Chess.com"]
[Date "2024.06.02"]
[Round "-"]
[White "Nazar-Makarchuk"]
[Black "degringolade64"]
[Result "0-1"]
[WhiteElo "1474"]
[BlackElo "2071"]
[TimeControl "300"]
[EndTime "7:22:34 PDT"]
[Termination "degringolade64 won by resignation"]

1. e4 e5 2. Nf3 Nc6 3. Bb5 a6 4. Bxc6 dxc6 5. O-O Qf6 6. d4 exd4 7. Qxd4 Qxd4 8. Nxd4 Bd7 9. Nc3 O-O-O 10. Be3 Ne7 11.
Nf3 Ng6 12. Ng5 Be8 13. Rfd1 h6 14. Rxd8+ Kxd8 15. Nf3 Bd7 16. Rd1 Kc8 17. e5 b6 18.
Ne4 Be7 19. Ng3 Re8 20. Nd4 Nxe5 21. Ndf5 Bf8 22. Bd4 c5 23. Bxe5 Rxe5 24. Ne3 Bc6 25. c3 g6 26. Ne2 Be7 27. Nf4 Bg5 28. Nd3 Re8 29. Nc1 Bxe3 30. fxe3 Rxe3 31. Kf2 Re6 32.
Rd3 f5 33. Re3 Rxe3 34. Kxe3 Bxg2 35. Kf4 Kd7 36. Ke5 Ke7 37. Ne2 Be4 38. Nf4 g5 39. Ng6+ Kf7 40. Nf4 gxf4 41. Kxf4 Kf6 42. h4 c4 43. b3 cxb3 44. axb3 b5 45. b4 h5 46. Ke3 Ke5 47. Kd2 f4 48. Ke2 Kf5 49. Kf2 Kg4 0-1

[Event "Live Chess"]
[Site "Chess.com"]
[Date "2024.06.02"]
[Round "-"]
[White "matt1979"]
[Black "lyricalschemes"]
[Result "0-1"]
[WhiteElo "1428"]
[BlackElo "2216"]
[TimeControl "300"]
[EndTime "7:22:57 PDT"]
[Termination "lyricalschemes won by resignation"]

1. f4 e5 2. fxe5 d6 3. Nf3 dxe5 4. e4 Nc6 5. Bb5 Bc5 6. c3 Nf6 7. d4 exd4 8. cxd4 Bb4+ 9. Bd2 O-O 10. Bxc6 Bxd2+ 11. Nbxd2 bxc6 12. O-O Re8 13. e5 Nd5 14. Qe2 Bg4 15. h3 Bh5 16. Qf2 Bg6 17. Rac1 Qd7 18. Ng5 h6 19. Nge4 Rab8 20. b3 Nb4 21. Nc5 Qd5 22.
Nc4 Rbd8 23. Rcd1 Bh5 24. g4 Bg6 25. h4 Rf8 26. h5 Bh7 27. Nd3 Nxd3 28. Rxd3 Bxd3 0-1

[Event "Live Chess"]
[Site "Chess.com"]
[Date "2024.06.02"]
[Round "-"]
[White "LL220284LL"]
[Black "Pandreq"]
[Result "1-0"]
[WhiteElo "2467"]
[BlackElo "1237"]
[TimeControl "300"]
[EndTime "7:23:08 PDT"]
[Termination "LL220284LL won by resignation"]

1. e4 Nf6 2. Nc3 d6 3. Bc4 e5 4. f4 Bg4 5. Nf3 Nbd7 6. O-O Be7 7. d3 Nb6 8. Bb3 Qd7 9. a4 O-O 10. a5 Nc8 11. fxe5 dxe5 12. Be3 Bd6 13. Qe1 Ne7 14.
Qg3 Ng6 15. Nh4 Nxh4 16. Qxh4 Be6 17. Bg5 Be7 18. Ba4 c6 19. Kh1 Qd8 20. Qe1 Nd7 21.
Bd2 Qxa5 22. Bxc6 Qb6 23. Bxd7 Bxd7 24. Nd5 Qd6 25. Bb4 Qc7 26. Nxc7 1-0

[Event "Live Chess"]
[Site "Chess.com"]
[Date "2024.06.02"]
[Round "-"]
[White "gobbles19"]
[Black "JohanKjeldahl"]
[Result "1-0"]
[WhiteElo "2208"]
[BlackElo "1793"]
[TimeControl "300"]
[EndTime "7:23:10 PDT"]
[Termination "gobbles19 won by resignation"]

1. e4 c5 2. d4 cxd4 3. c3 dxc3 4.
Nxc3 e6 5. Bc4 Nc6 6. Nf3 a6 7. O-O b5 8. Bb3 Bb7 9. Qe2 Nf6 10. e5 Ng4 11. h3 Nh6 12. Bxh6 gxh6 13. Ne4 Be7 14. Rac1 Rg8 15. Rfd1 Rc8 16. Qe3 Rg6 17.
Bc2 Nb4 18. Nd6+ Bxd6 19. Bxg6 hxg6 20. exd6 g5 21. Rxc8 Bxc8 22. Qd4 f6 23. Qxb4 1-0

[Event "Live Chess"]
[Site "Chess.com"]
[Date "2024.06.02"]
[Round "-"]
[White "Mangoalo"]
[Black "Crowded_House"]
[Result "0-1"]
[WhiteElo "1067"]
[BlackElo "1645"]
[TimeControl "300"]
[EndTime "7:23:38 PDT"]
[Termination "Crowded_House won by resignation"]

1. e4 e6 2. Nf3 d5 3. exd5 exd5 4. d4 Bd6 5. Bg5 f6 6. Be3 Ne7 7. Bb5+ c6 8. Bd3 O-O 9. Nbd2 h6 10. O-O Nf5 11.
Bxf5 Bxf5 12. Re1 Re8 13. Nb3 Nd7 14. Bd2 Rxe1+ 15. Qxe1 Qe8 16. Qxe8+ Rxe8 17. c3 Nb6 18. Re1 Rxe1+ 19. Bxe1 Nc4 20. Bd2 Nxb2 21. Nc5 Bxc5 22. dxc5 Na4 23. Kf1 Nxc5 0-1

[Event "Live Chess"]
[Site "Chess.com"]
[Date "2024.06.02"]
[Round "-"]
[White "JanMur7"]
[Black "ACM42"]
[Result "1-0"]
[WhiteElo "2295"]
[BlackElo "2178"]
[TimeControl "300"]
[EndTime "7:23:41 PDT"]
[Termination "JanMur7 won by checkmate"]

1. c4 Nf6 2. Nc3 g6 3. e4 Bg7 4. d4 O-O 5. Be2 d6 6. Bg5 h6 7.
Be3 Nc6 8. g4 e5 9. d5 Nd4 10. f3 c5 11. h4 Ne8 12. h5 g5 13. Nh3 a6 14. Nf2 Rb8 15. a4 b6 16.
O-O a5 17. Ra3 Ba6 18. Nb5 Bxb5 19. cxb5 Bf6 20. Qd2 Kg7 21. Rc1 Rh8 22. Nd3 Nxe2+ 23. Qxe2 Nc7 24. Nf2 Ra8 25. Nh1 Ne8 26. Ng3 Kf8 27.
Nf5 Ng7 28. Qg2 Nxf5 29. gxf5 Ke7 30. Qg4 Rc8 31. Rc4 Rg8 32. Kf1 Qd7 33. Ke2 Qd8 34.
Kd3 Qd7 35. Rac3 Ra8 36. Rc1 Rac8 37. R4c2 Qa7 38. Kc4 Qd7 39. Rg2 Rg7 40. Rcg1 Rcg8 41. Qh3 Qe8 42. Rg4 Kd7 43. R1g3 Kc7 44. Qg2 Kb7 45.
Bd2 Qe7 46. Qg1 Qd8 47. Rg2 Qe7 48. f4 exf4 49. Bxf4 Qxe4+ 50. Kb3 Qxd5+ 51. Ka3 Qd3+ 52. Ka2 Qc4+ 53. b3 Qd5 54. Rd2 Bd4 55. Be3 Qxf5 56. Bxd4 cxd4 57. Rgxd4 Rd8 58. Rd5 Qe4 59. Qc1 Rc8 60.
Qb2 Rgg8 61. Rxd6 Rge8 62. Rd7+ Rc7 63. Rxc7+ Kxc7 64. Qc3+ Kb8 65. Qf6 Qe6 66. Qc3 Rc8 67. Qg3+ Kb7 68. Qg2+ Ka7 69. Re2 Qf5 70. Re7+ Rc7 71.
Rxc7+ Kb8 72. Qb7# 1-0

[Event "Live Chess"]
[Site "Chess.com"]
[Date "2024.06.02"]
[Round "-"]
[White "TedUdale"]
[Black "PavelChernomordik"]
[Result "0-1"]
[WhiteElo "2102"]
[BlackElo "2497"]
[TimeControl "300"]
[EndTime "7:23:48 PDT"]
[Termination "PavelChernomordik won by resignation"]

1. e4 g6 2. Nc3 Bg7 3. f4 e6 4. Nf3 d5 5. d3 Ne7 6. Be2 c5 7. O-O Nbc6 8. a3 O-O 9. Qe1 Nd4 10. Nxd4 cxd4 11. Nd1 Qc7 12. c3 dxe4 13. dxe4 Nc6 14. Bf3 e5 15. Qg3 f5 16. exf5 Bxf5 17. Bxc6 bxc6 18.
cxd4 exd4 19. Nf2 Rfe8 20. Bd2 Re2 21. Qb3+ Kh8 22. Rad1 Rb8 23. Qc4 Rbe8 24. b4 h5 25. Nd3 Be6 26. Qc1 Bd5 27. Rf2 h4 28. h3 Qd7 29. Rdf1 Qf5 30. Nc5 d3 31. Bc3 Rc2 32.
Bxg7+ Kxg7 33. Qa1+ Kh7 34. Qd4 Rxf2 35. Rxf2 Re1+ 36.
Kh2 Rd1 37. Qe3 Qf7 38. Nxd3 Ra1 39. Ne5 Qf5 40. Qc3 Qb1 0-1